 Dungeon Crawl Stone Soup version 0.28-a0-1348-g050f3537b9 (webtiles) character file.

Game seed: 7432413368091393854

1867 Deminshera the Covert (level 9, 0/60 HPs)
             Began as a Kobold Brigand on Dec 30, 2021.
             Was an Initiate of Dithmenos.
             Slain by a yak (9 damage)
             ... on level 6 of the Dungeon.
             The game lasted 00:12:49 (10634 turns).

Deminshera the Covert (Kobold Brigand)             Turns: 10634, Time: 00:12:49

Health: 0/60       AC:  8    Str: 12    XL:     9   Next: 35%
Magic:  9/9        EV: 14    Int: 12    God:    Dithmenos [......]
Gold:   254        SH:  0    Dex: 17    Spells: 8/8 levels left

rFire   . . .      SeeInvis .   c - +1 falchion (elec)
rCold   . . .      Faith    .   (no shield)
rNeg    . . .      Spirit   .   y - +0 robe
rPois   .          Reflect  .   F - +2 helmet
rElec   .          Harm     .   s - +2 cloak {Stlth+}
rCorr   .          Rampage  .   (no gloves)
Will    .....                   (no boots)
Stlth   ++++++....              (no amulet)
HPRegen 0.20/turn               (no ring)
MPRegen 0.11/turn               (no ring)

@: no status effects
A: small, no large weapons, nightstalker 3
a: Renounce Religion


You were on level 6 of the Dungeon.
You worshipped Dithmenos.
Dithmenos was noncommittal.
You visited 2 branches of the dungeon, and saw 7 of its levels.
You also visited: Ossuary.

You collected 280 gold pieces.
You spent 26 gold pieces at shops.

Inventory:

Hand Weapons
 a - a +0 dagger of draining
 b - a +2 short sword of speed
 c - a +1 falchion of electrocution (weapon)
 u - a +0 whip of venom
Missiles
 d - 28 poisoned darts
 e - 2 curare-tipped darts (quivered)
 f - 159 stones
Armour
 s - a +2 cloak of stealth (worn)
 y - a +0 robe (worn)
 F - a +2 helmet (worn)
Jewellery
 D - a ring of magical power
Wands
 E - a wand of flame (30)
Scrolls
 j - a scroll of fear {unknown}
 m - a scroll of brand weapon {unknown}
 n - a scroll of magic mapping {unknown}
 o - 4 scrolls of noise {unknown}
 p - 4 scrolls of teleportation {unknown}
 v - 3 scrolls of identify
 w - a scroll of acquirement {unknown}
 z - a scroll of vulnerability {unknown}
 A - a scroll of summoning {unknown}
 C - a scroll of torment {unknown}
Potions
 g - a potion of mutation {unknown}
 h - 2 potions of might {unknown}
 l - 3 potions of lignification
 q - 4 potions of invisibility {unknown}
 r - a potion of brilliance {unknown}
 t - 2 potions of flight {unknown}
 x - a potion of degeneration {unknown}
 B - a potion of haste {unknown}
 G - a potion of magic {unknown}


   Skills:
 + Level 9.2 Fighting
 - Level 8.0 Short Blades
 - Level 2.1 Throwing
 - Level 1.2 Dodging
 - Level 10.0 Stealth


You had 8 spell levels left.
You didn't know any spells.
Your spell library contained the following spells:

 Spells                   Type           Power      Damage    Failure   Level
 Summon Guardian Golem    Hex/Summ       0%         N/A       69%         3
 Orb of Destruction       Conj           0%         N/A       100%        7
 Spellforged Servitor     Conj/Summ      0%         N/A       100%        7


Dungeon Overview and Level Annotations

Branches:
Dungeon (6/15)             Temple (1/1) D:4         Ossuary (visited)

Altars:
Ashenzari
Cheibriados
Dithmenos
Elyvilon
Fedhas
Gozag
Hepliaklqana
Kikubaaqudgha
Nemelex Xobeh
Okawaru
Qazlal
Ru
Sif Muna
Uskayaw
Vehumet
Wu Jian
Xom
Zin
The Shining One

Shops:
D:2 (?

Annotations:
D:6 Grinder


Innate Abilities, Weirdness & Mutations

You are small and have problems with some larger weapons.
You are completely attuned to the shadows.


Message History

There is an open door here.
The yak misses you.
You hit the yak.
The yak is moderately wounded.
The yak closely misses you.
You slash the yak!
The yak is heavily wounded.
The yak misses you.
You barely miss the yak.
The yak is heavily wounded.
The yak gores you!
You hit the yak. Lightning courses through the yak!
The yak is almost dead.
The yak misses you. The yak gores you.
You slash the yak!
The yak is almost dead.
The yak barely misses you.
You hit the yak.
You kill the yak!
Dithmenos accepts your kill.
Your Fighting skill increases to level 9!
You slash the howler monkey zombie!
The howler monkey zombie is moderately damaged.
The howler monkey zombie closely misses you.
You hit the yak but do no damage. You hit the yak but do no damage.
The yak gores you.
You hit the yak but do no damage. The yak barely misses you.
You barely miss the yak. The yak gores you.
You hit the yak. Lightning courses through the yak!
The yak is moderately wounded.
The yak gores you.
* * * LOW HITPOINT WARNING * * *
The yak gores you!
* * * LOW HITPOINT WARNING * * *
You hit the yak. Lightning courses through the yak!
The yak is severely wounded.
The yak misses you.
There is a stone staircase leading up, spattered with blood here.
The yak gores you!
You die...

#..##..###..####.####
#..#.....#...........
#..#.....#...........
#..#.....#...........
#..#.....#...........
#..#.....#...........
##.###########†#####
.###.####.######.##..
...>....@YZ..........
.....................
.....................
+####..#######..###..
#..# #..# ..


You could see a yak and a howler monkey zombie.

Vanquished Creatures
  2 yaks (D:6)
  Menkaure (D:6)
  2 water moccasins
  A sky beast (D:5)
  A black bear (D:4)
  An ogre (D:5)
  3 elf zombies (Ossuary)
  A scorpion (D:4)
  A bullfrog zombie (D:3)
  2 jellies
  2 hounds (D:5)
  Crazy Yiuf (D:2)
  2 centaur zombies
  An orc priest (D:5)
  2 human zombies (Ossuary)
  A centaur skeleton (D:5)
  An iguana (D:4)
  4 orc wizards
  3 mummies (Ossuary)
  3 adders
  4 gnolls (D:6)
  4 adder zombies (Ossuary)
  A worm (D:5)
  5 dart slugs
  10 orcs
  4 ball pythons
  4 endoplasms
  2 gnoll zombies (Ossuary)
  3 goblins
  6 hobgoblins
  5 kobolds
  A quokka (D:3)
  2 bats (D:1)
  4 frilled lizards
  2 goblin zombies
  5 hobgoblin zombies (Ossuary)
  4 jackal zombies (Ossuary)
  4 kobold zombies (Ossuary)
  An orc zombie (Ossuary)
  4 quokka zombies
  6 rats
  5 rat zombies (Ossuary)
121 creatures vanquished.

Vanquished Creatures (others)
  9 plants (D:6)
9 creatures vanquished.

Grand Total: 130 creatures vanquished

Notes
Turn   | Place    | Note
-------+----------+-------------------------------------------
     0 | D:1      | Deminshera the Kobold Brigand began the quest for the Orb.
     0 | D:1      | Reached XP level 1. HP: 12/12 MP: 1/1
   170 | D:1      | Reached XP level 2. HP: 7/18 MP: 2/2
   872 | D:1      | Reached XP level 3. HP: 22/22 MP: 3/3
  1124 | D:1      | Found a faded altar of an unknown god.
  1447 | D:2      | Found Ritwes's Weapon Boutique.
  1488 | D:2      | Reached skill level 6 in Stealth
  1805 | D:2      | Found Vyalec's Magic Scroll Shoppe.
  1810 | D:2      | Bought a scroll of identify for 26 gold pieces
  1877 | D:2      | You fall into a shaft and drop 2 floors!
  1911 | D:4      | Noticed a scorpion
  1912 | D:4      | Found a sand-covered staircase.
  1918 | Ossuary  | Entered an ossuary
  2031 | Ossuary  | Reached XP level 4. HP: 27/27 MP: 4/4
  2833 | Ossuary  | Reached skill level 7 in Stealth
  2833 | Ossuary  | Reached XP level 5. HP: 12/32 MP: 5/5
  3060 | Ossuary  | Reached skill level 5 in Short Blades
  3060 | Ossuary  | Reached XP level 6. HP: 26/37 MP: 6/6
  3829 | Ossuary  | Reached skill level 8 in Stealth
  3829 | Ossuary  | Reached XP level 7. HP: 27/42 MP: 7/7
  4539 | D:2      | Found a runed translucent door.
  4542 | D:2      | Noticed Crazy Yiuf
  4547 | D:2      | Killed Crazy Yiuf
  6215 | D:4      | Found a staircase to the Ecumenical Temple.
  6221 | Temple   | Entered the Ecumenical Temple
  6455 | Temple   | Became a worshipper of Dithmenos the Shadowed
  6606 | D:4      | Found a glowing golden altar of the Shining One.
  6613 | D:4      | Found a shimmering altar of Xom.
  6681 | D:4      | Noticed a water moccasin
  6697 | D:4      | Killed a water moccasin
  6698 | D:4      | Reached skill level 9 in Stealth
  6698 | D:4      | Reached XP level 8. HP: 31/48 MP: 8/8
  6970 | D:4      | Found a glowing silver altar of Zin.
  7611 | D:5      | Entered Level 5 of the Dungeon
  7828 | D:5      | Reached skill level 5 in Fighting
  7828 | D:5      | Reached skill level 10 in Stealth
  9203 | D:6      | Noticed Grinder
  9203 | D:6      | Noticed Menkaure
  9206 | D:6      | Paralysed by Grinder for 4 turns
  9441 | D:6      | Killed Menkaure
  9442 | D:6      | Reached XP level 9. HP: 24/57 MP: 9/9
 10634 | D:6      | Slain by a yak

Illustrated notes

Levels and vault maps discovered:
D:1:      giann_forest_graveyard, layout_loops_ring,
          hellmonk_ecumenical_altar_inner_sanctum, serial_glass,
          glass_columns_a, glass_columns_a, feat_on_display, due_unseen_surprise
D:2:      minmay_chambers_of_twos, layout_rooms, serial_shops,
          nicolae_shop_bloodbath_and_beyond, shop, supply_closet_lemuel,
          kennysheep_crisscross, uniq_crazy_yiuf_cottage
D:3:      layout_loops_cross, minmay_misc_feat_x, grunt_decor_cap
D:4:      layout_layer_cave, kennysheep_little_box,
          mainiacjoe_overflow_big_doors, temple_doors_ab, enter_ossuary_4,
          glass_columns_c
D:5:      layout_basic, minmay_misc_feat_tower, columned_hall_lemuel
D:6:      layout_gridville, serial_bayou_ford_a, corexii_checkpoint_a,
          uniq_grinder, uniq_menkaure
Temple:   regret_index_temple_sphere_string

Skill      XL: |  1  2  3  4  5  6  7  8  9 |
---------------+----------------------------+-----
Short Blades   | 3 4 5 6 7 8 |  8.0
Stealth        | 6 7 8 9 10 | 10.0
Fighting       | 3 4 7 9 |  9.2
Throwing       | |  2.1
Dodging        | |  1.2

Action                   |  1- 3 |  4- 6 |  7- 9 || total
-------------------------+-------+-------+-------++-------
Melee: Dagger            |    75 |   191 |   249 ||   515
       Short sword       |       |       |    23 ||    23
       Falchion          |       |       |    26 ||    26
Throw: Stone             |       |    50 |       ||    50
       Dart              |       |       |     3 ||     3
  Use: Scroll            |     1 |       |       ||     1
       Potion            |       |       |     6 ||     6
 Stab: Sleeping          |    12 |    12 |    24 ||    48
       Distracted        |       |       |     3 ||     3
Armor: Robe              |    14 |    26 |    54 ||    94
       Skin              |       |       |    19 ||    19
Dodge: Dodged            |    43 |    87 |   126 ||   256

Table legend: (Time is in decaauts)
 A = Elapsed time spent in this place.
 B = Non-inter-level travel time spent in this place.
 C = Inter-level travel time spent in this place.
 D = Time resting spent in this place.
 E = Time spent auto-exploring this place.
 F = Levels seen in this place.
 G = Mean time per level.
                   A        B        C        D        E       F      G
               +--------+--------+--------+--------+--------+-----+--------+
         Total |  10476 |  10189 |    287 |   4126 |   4462 |   8 | 1309.5 |
       Dungeon |   8213 |   7956 |    257 |   3095 |   3949 |   6 | 1368.8 |
        Temple |    250 |    220 |     30 |      0 |    204 |   1 |  250.0 |
       Ossuary |   2012 |   2012 |      0 |   1031 |    309 |   1 | 2012.0 |
               +--------+--------+--------+--------+--------+-----+--------+

Top non-repeatable levels by time:
 Ossuary: 2012 daAuts
     D:4: 1926 daAuts
     D:5: 1620 daAuts
     D:6: 1342 daAuts
     D:3: 1164 daAuts
     D:1: 1133 daAuts
     D:2: 1025 daAuts
  Temple: 250 daAuts
